 Dungeon Crawl Stone Soup version 0.31-a0-408-gb642c7f9a3 (webtiles) character file.

Game seed: 678658920917181430

16992 floatRand the Brawler (level 12, -1/83 HPs)
             Began as a Grey Draconian Shapeshifter on July 29, 2023.
             Was a Priest of Wu Jian.
             Succumbed to a death drake's dark miasma
             ... in a Gauntlet.
             The game lasted 00:16:21 (9934 turns).

floatRand the Brawler (Grey Draconian Shapeshifter) Turns: 9934, Time: 00:16:22

Health: -1/83      AC: 17    Str: 18    XL:     12   Next: 14%
Magic:  12/12      EV: 19    Int:  9    God:    Wu Jian [***...]
Gold:   928        SH:  0    Dex: 16    Spells: 11/11 levels left

rFire   + .          .
                       - Unarmed
rCold   + . .        (shield currently unavailable)
rNeg    . . .        (body armour unavailable)
rPois   .            (helmet restricted)
rElec   .            C - scarf {rC+ rF+}
rCorr   .            (gloves currently unavailable)
SInv    .            l - +3 pair of seven-league boots {Rampage+∞}
Will    +....        c - amulet of regeneration
Stlth   +++          z - +5 ring of evasion
HPRegen 1.13/turn    D - ring of willpower
MPRegen 0.13/turn

%: no teleportation, rampage+∞
@: lethally poisoned (-1 -> -12), blade hands, slowed, very slow
A: AC +13, amphibious, unfitting armour, cold-blooded
a: Begin Untransformation, Renounce Religion, Wall Jump, Serpent's Lash


You were in a Gauntlet.
You worshipped Wu Jian.
Wu Jian was most pleased with you.
You had blades for hands.
You visited 3 branches of the dungeon, and saw 13 of its levels.
You also visited: Gauntlet.

You collected 928 gold pieces.

Inventory:

Missiles
 n - 2 throwing nets
Armour
 a - a +1 cloak
 l - the +3 pair of seven-league boots (worn) {Rampage+∞}
   (You found it in a Gauntlet)

   Rampage+∞: When moving toward enemies, its wearer moves as far as possible,
   alerting their target en route.
 C - a scarf of resistance (worn)
 K - a +2 cloak of preservation
Jewellery
 c - an amulet of regeneration (around neck)
 m - an amulet of the acrobat
 z - a +5 ring of evasion (left blade hand)
 D - a ring of willpower (right blade hand)
 G - a ring of resist corrosion
 L - the ring of Meogh {Fly rPois Will+ Int-5 Slay+2}
   (You found it in a Gauntlet)

   [ring of flight]

   Int:       It affects your intelligence (-5).
   Slay:      It affects your accuracy & damage with ranged weapons and melee
   (+2).
   rPois:     It protects you from poison.
   Fly:       It grants you flight.
   Will:      It increases your willpower.
Talismans
 b - a beast talisman
 v - a blade talisman
 I - a maw talisman
 J - a talisman of death
Wands
 h - a wand of paralysis (9)
 q - a wand of roots (13)
 s - a wand of polymorph (7)
 u - a wand of digging (13)
 y - a wand of flame (43)
 A - a wand of mindburst (18)
 H - a wand of acid (8)
Scrolls
 d - 3 scrolls of enchant armour
 f - 10 scrolls of teleportation
 i - 5 scrolls of amnesia
 t - a scroll of immolation
 F - 2 scrolls of fog
Potions
 e - 3 potions of brilliance
 g - a potion of ambrosia {unknown}
 j - 2 potions of invisibility
 k - 6 potions of curing
 o - a potion of attraction {unknown}
 p - 5 potions of heal wounds
 r - 3 potions of haste
 x - 2 potions of enlightenment {unknown}
 B - 2 potions of mutation
 E - 2 potions of might


   Skills:
 - Level 1.1 Fighting
 + Level 4.2 Dodging
 + Level 3.9 Stealth
 * Level 15.3 Unarmed Combat
 * Level 10.4 Shapeshifting


You had 11 spell levels left.
You didn't know any spells.
Your spell library contained the following spells:

 Spells                   Type           Power      Damage    Failure   Level
 Magic Dart               Conj           0%         1d3       80%         1
 Sandblast                Erth           0%         2d4       80%         1
 Cigotuvi's Dreadful Rot  Necr/Pois/Air  0%         N/A       88%         2
 Passwall                 Tmut/Erth      0%         N/A       88%         2
 Searing Ray              Conj           0%         2d4       88%         2
 Wereblood                Tmut           0%         N/A       88%         2
 Frozen Ramparts          Ice            0%         1d1       97%         3
 Portal Projectile        Hex/Tloc       0%         N/A       97%         3
 Stone Arrow              Conj/Erth      0%         3d7       97%         3
 Tukima's Dance           Hex            0%         N/A       97%         3
 Dispel Undead            Necr           0%         3d6       100%        4
 Fulminant Prism          Conj/Hex       0%         3d5       100%        4
 Iskenderun's Mystic Bla  Conj/Tloc      0%         2d3       100%        4
 Petrify                  Tmut/Erth      0%         N/A       100%        4
 Irradiate                Conj/Tmut      0%         3d11      100%        5
 Metabolic Englaciation   Hex/Ice        0%         N/A       100%        5
 Conjure Ball Lightning   Conj/Air       0%         3x3d6     100%        6
 Death Channel            Necr           0%         N/A       100%        6
 Discord                  Hex            0%         N/A       100%        8
 Disjunction              Tloc           0%         N/A       100%        8


Dungeon Overview and Level Annotations

Branches:
Dungeon (10/15)            Temple (1/1) D:7            Lair (2/5) D:8
Gauntlet (1/1)
  Swamp: Lair:2-3    Shoals: Lair:2-3     Snake: Lair:2-3    Spider: Lair:2-3
    Orc: D:9-12

Altars:
Ashenzari
Cheibriados
Dithmenos
Elyvilon
Fedhas
Gozag
Hepliaklqana
Kikubaaqudgha
Makhleb
Nemelex Xobeh
Okawaru
Qazlal
Ru
Sif Muna
Trog
Uskayaw
Vehumet
Wu Jian
Xom
Yredelemnul
Zin
The Shining One

Annotations:
Gauntlet 7 transporters, 2 runed translucent doors


Innate Abilities, Weirdness & Mutations

You have blades for hands.
Your spellcasting is less reliable in this form.
You are incapable of wielding weapons or throwing items.
Your dull iron-grey scales are very hard. (AC +13)
You are amphibious.
You cannot fit into any form of body armour.
You are cold-blooded and may be slowed by cold attacks.


Message History

As you read the scroll of blinking, it crumbles to dust.
You feel extremely sick.
You feel better.
The spectral centaur warrior completely misses you.
The spectral centaur warrior kicks you but does no damage.
Unknown command.
Unknown command.
You spin and attack the spectral centaur warrior.
You hit the spectral centaur warrior but do no damage.
Unknown command.
You slash the death drake!
Your tail-slap misses the death drake.
The death drake is severely wounded.
The death drake breathes miasma at you. The foul vapour engulfs you!
You are poisoned.
Unknown command.
Unknown command.
You barely miss the death drake.
The death drake is severely wounded.
You are engulfed in dark miasma.
You are more poisoned.
You feel yourself slow down.
You feel extremely sick. The death drake closely misses you.
Unknown command.
Unknown command.
Unknown command.
Okay, then.
You slash the death drake!
Your tail-slap misses the death drake.
The death drake is almost dead.
You are engulfed in dark miasma.
You are lethally poisoned!
You feel as though you will be slow longer.
* * * LOW HITPOINT WARNING * * *
You feel extremely sick. The death drake barely misses you.
You feel better.
You are engulfed in dark miasma.
You are poisoned.
* * * LOW HITPOINT WARNING * * *
You die...

## ### ### ### ### ### ##
≈###≈###≈###≈###≈###≈###≈##
≈≈#≈≈≈#≈≈≈#≈≈≈#≈≈≈#≈≈≈#≈≈≈#
........................≈#
..#########...#########.##
⌠.#W......#.⌠.#°°kZ°..#.≈##
..#..####W#...#°@#Z..!#.≈≈#
###.#...#W#####°###Z.$#.≈## ..
.©#.#.©.#W#©.©#°.#©#.©#.## ⌠.#
⌠.#.#...#W#.⌠.#°.Z###°#..##...#
..#.####W.#...#....#°°#...#.⌠..
⌠.#.......#.⌠.#.....°°#.∩.#...#
..#########...#########...#.©.#
⌠.........#.⌠.....#.....⌠.#....
..#########...#########...#.©.#


You could see a death drake (catching breath), 4 shadows and a centaur warrior
zombie.

Vanquished Creatures
  A death scarab (Gauntlet)
  A spectral catoblepas (Lair:2)
  A moth of wrath (Gauntlet)
  A centaur zombie (Gauntlet)
  Maurice (D:8)
  2 cane toads (Lair:1)
  3 kobold demonologists (D:6)
  3 komodo dragons
  2 trolls
  A hornet (D:8)
  5 blink frogs (Lair:2)
  A spectral black mamba (Gauntlet)
  Sigmund (D:3)
  15 yaks
  3 wyverns
  3 basilisks
  A steam dragon (D:8)
  A spectral cane toad (Lair:2)
  Menkaure (D:4)
  2 acid dragons
  6 water moccasins
  A sky beast (D:8)
  3 orc warriors
  3 ice beasts
  5 black bears
  5 wolves (Gauntlet)
  2 centaurs
  5 ogres
  A kobold brigand (D:9)
  A phantom (D:4)
  12 bullfrogs
  Blork the orc (D:4)
  2 spectral water moccasins (Lair:2)
  7 scorpions
  A gnoll sergeant (D:7)
  14 wights
  17 killer bees
  2 howler monkeys
  2 hounds
  3 jellies
  2 gnoll boudas (D:7)
  10 orc priests
  4 sleepcaps
  5 iguanas
  13 orc wizards
  A hell rat (Lair:2)
  16 gnolls
  13 adders
  3 shadow imps
  A white imp (D:7)
  3 ufetubi
  37 orcs
  10 ball pythons
  10 bats
  4 endoplasms
  A giant cockroach (D:2)
  7 goblins
  12 hobgoblins
  5 jackals
  3 quokkas
  3 frilled lizards (D:1)
  19 kobolds
  8 rats
332 creatures vanquished.

Vanquished Creatures (others)
  An orc (D:7)
1 creature vanquished.

Grand Total: 333 creatures vanquished

Notes
Turn   | Place    | Note
-------+----------+-------------------------------------------
     0 | D:1      | floatRand the Draconian Shapeshifter began the quest for
                  | the Orb.
     0 | D:1      | Reached XP level 1. HP: 16/16 MP: 1/1
    54 | D:1      | Reached XP level 2. HP: 23/23 MP: 2/2
   113 | D:1      | Found a faded altar of an unknown god.
   316 | D:1      | Reached XP level 3. HP: 23/28 MP: 3/3
   547 | D:1      | Reached skill level 4 in Unarmed Combat
  1811 | D:3      | Reached XP level 4. HP: 19/35 MP: 4/4
  1881 | D:3      | Noticed Sigmund
  1896 | D:3      | Killed Sigmund
  1897 | D:3      | Reached skill level 5 in Unarmed Combat
  1897 | D:3      | Reached XP level 5. HP: 40/40 MP: 5/5
  1939 | D:3      | Reached XP level 6. HP: 47/47 MP: 6/6
  2195 | D:4      | Noticed Menkaure
  2353 | D:4      | Reached skill level 6 in Unarmed Combat
  2499 | D:4      | Identified the +5 spear "Ywidocik" {protect, rN+ Int+3}
  2609 | D:4      | Noticed Blork the orc
  2619 | D:4      | Killed Blork the orc
  2796 | D:4      | Your scales start taking on a dull iron-grey colour.
  2796 | D:4      | Reached XP level 7. HP: 52/52 MP: 7/7
  2820 | D:4      | Killed Menkaure
  2821 | D:4      | Reached skill level 7 in Unarmed Combat
  2915 | D:4      | Reached skill level 5 in Shapeshifting
  2975 | D:4      | Reached skill level 8 in Unarmed Combat
  3214 | D:5      | Entered Level 5 of the Dungeon
  3245 | D:5      | Reached XP level 8. HP: 59/59 MP: 8/8
  3478 | D:5      | Reached skill level 9 in Unarmed Combat
  3481 | D:5      | Found a hide-covered altar of Uskayaw.
  3818 | D:5      | Reached skill level 10 in Unarmed Combat
  3818 | D:5      | Reached XP level 9. HP: 47/64 MP: 9/9
  4219 | D:6      | Found a bloodstained altar of Trog.
  4316 | D:6      | Noticed a kobold demonologist
  4503 | D:6      | Reached skill level 11 in Unarmed Combat
  4762 | D:6      | Noticed a kobold demonologist
  4762 | D:6      | Noticed a kobold demonologist
  4783 | D:6      | Noticed a rust devil
  4787 | D:6      | Killed a kobold demonologist
  4794 | D:6      | Killed a kobold demonologist
  4804 | D:6      | Killed a kobold demonologist
  4805 | D:6      | Reached skill level 12 in Unarmed Combat
  5032 | D:7      | Reached XP level 10. HP: 66/69 MP: 10/10
  5302 | D:7      | Found a broken altar of Ashenzari.
  5331 | D:7      | Found a staircase to the Ecumenical Temple.
  5340 | Temple   | Entered the Ecumenical Temple
  5351 | Temple   | Became a worshipper of the Wu Jian Council
  5832 | D:8      | Noticed Maurice
  5874 | D:8      | Reached * piety under Wu Jian
  5926 | D:8      | Killed Maurice
  5927 | D:8      | Reached skill level 13 in Unarmed Combat
  6098 | D:8      | Found a staircase to the Lair.
  6810 | D:9      | Reached skill level 14 in Unarmed Combat
  6941 | D:9      | Reached ** piety under Wu Jian
  6970 | D:9      | Reached XP level 11. HP: 73/77 MP: 11/11
  7611 | D:10     | Entered Level 10 of the Dungeon
  7645 | D:10     | Reached skill level 1 in Stealth
  8052 | D:10     | Found an ancient bone altar of Kikubaaqudgha.
  8052 | D:10     | Found a snail-covered altar of Cheibriados.
  8059 | D:10     | Found a glowing golden altar of the Shining One.
  8062 | D:10     | Found a stormy altar of Qazlal.
  8064 | D:10     | Found a burning altar of Makhleb.
  8202 | Lair:1   | Entered Level 1 of the Lair of Beasts
  8446 | Lair:1   | Identified the +5 falchion of Coxaof {heavy, Dex+9}
  8527 | Lair:1   | Reached *** piety under Wu Jian
  9242 | Lair:2   | Reached skill level 10 in Shapeshifting
  9355 | Lair:2   | Reached skill level 15 in Unarmed Combat
  9597 | Lair:2   | Found a gate leading to a gauntlet.
  9606 | Gauntlet | Entered a Gauntlet
  9606 | Gauntlet | Noticed a death scarab
  9606 | Gauntlet | Found a transporter.
  9606 | Gauntlet | Found a transporter.
  9609 | Gauntlet | Found a transporter.
  9609 | Gauntlet | Found the +3 pair of seven-league boots {Rampage+∞}
  9610 | Gauntlet | Found a transporter.
  9613 | Gauntlet | Found a transporter.
  9613 | Gauntlet | Found a transporter.
  9653 | Gauntlet | Found a runed translucent gate.
  9653 | Gauntlet | Found a runed translucent gate.
  9653 | Gauntlet | Found a runed translucent gate.
  9655 | Gauntlet | Found a transporter.
  9659 | Gauntlet | Found a transporter.
  9662 | Gauntlet | Noticed a wolf spider
  9663 | Gauntlet | Found a runed translucent door.
  9664 | Gauntlet | Noticed an entropy weaver
  9667 | Gauntlet | Found a runed translucent door.
  9670 | Gauntlet | Found a transporter.
  9688 | Gauntlet | Found a transporter.
  9700 | Gauntlet | Noticed a death drake
  9702 | Gauntlet | Found a transporter.
  9706 | Gauntlet | Found a transporter.
  9761 | Gauntlet | Killed a death scarab
  9762 | Gauntlet | Reached XP level 12. HP: 83/83 MP: 12/12
  9924 | Gauntlet | Identified the ring of Meogh {Fly rPois Will+ Int-5 Slay+2}
  9934 | Gauntlet | HP: 4/83 [death drake] (13)]
  9934 | Gauntlet | Succumbed to a death drake's dark miasma

Illustrated notes

Levels and vault maps discovered:
D:1:      minmay_arrival_four_circles, layout_loops_ring,
          shapermc_ecumenical_altar_acropolis
D:2:      layout_basic
D:3:      layout_loops_cross, uniq_sigmund
D:4:      layout_loops_corners, corexii_corridor_pit, uniq_blork_the_orc,
          uniq_menkaure
D:5:      layout_loops_cross, nicolae_uskayaw_murder_on_the_dancefloor,
          grunt_ministairs_7, minmay_divided_ellipse
D:6:      layout_basic, trog_ov_bears_minmay
D:7:      layout_loops_ring, kennysheep_mini_moat, minmay_temple_entry_mist,
          kennysheep_opposing_triangles
D:8:      layout_rooms, due_lair_maze_entry_diamond, hangedman_minor_gate_pass,
          uniq_maurice
D:9:      corexii_shack_village, layout_basic
D:10:     layout_basic, chequers_temple_overflow_minitemple, eino_jars
Temple:   nicolae_temple_great_sept
Lair:1:   layout_roguey, serial_bayou_pond_e, chequers_serial_rivers_micro_e,
          bh_autumn_forest_stairs, serial_bayou_pond_a
Lair:2:   layout_cave_pods, nicolae_swamp_entry_spooky, gauntlet_entry_generic,
          grunt_forest_large_clearings
Gauntlet: minmay_gauntlet_77_indecision [minmay_gauntlet_arena_77_fan,
          minmay_gauntlet_arena_77_checkered,
          minmay_gauntlet_arena_77_run_for_it, minmay_gauntlet_arena_77_box,
          minmay_gauntlet_arena_77_cramped,
          minmay_gauntlet_arena_77_double_cross, gauntlet_exit_green]

Skill      XL: |  1  2  3  4  5  6  7  8  9 10 11 |
---------------+----------------------------------+-----
Unarmed Combat | 4 5 6 8 10 12 14 15 | 15.3
Shapeshifting  | 4 5 6 7 8 10 | 10.4
Dodging        | 4 |  4.2
Stealth        | 3 |  3.9
Fighting       | |  1.1

Action                     |  1- 3 |  4- 6 |  7- 9 | 10-12 || total
---------------------------+-------+-------+-------+-------++-------
  Melee: Unarmed           |   106 |    86 |   263 |   489 ||   944
         Tailslap          |    12 |    12 |    47 |    85 ||   156
         Punch             |     1 |     3 |    13 |    50 ||    67
Ability: Lunge             |       |       |       |    42 ||    42
         Whirlwind         |       |       |       |    13 ||    13
  Evoke: Wand              |       |       |       |     2 ||     2
    Use: Potion            |       |     1 |     2 |     3 ||     6
         Scroll            |       |       |    10 |    10 ||    20
   Stab: Sleeping          |     1 |     2 |     3 |     7 ||    13
         Invisible         |       |       |     3 |       ||     3
         Distracted        |       |       |       |     1 ||     1
 Armour: Skin              |    38 |    32 |    89 |   128 ||   287
  Dodge: Dodged            |    67 |    40 |   137 |   299 ||   543
   Form: Blade             |       |       |       |     1 ||     1

Table legend: (Time is in decaauts)
 A = Elapsed time spent in this place.
 B = Non-inter-level travel time spent in this place.
 C = Inter-level travel time spent in this place.
 D = Time resting spent in this place.
 E = Time spent auto-exploring this place.
 F = Levels seen in this place.
 G = Mean time per level.
                   A        B        C        D        E       F      G
               +--------+--------+--------+--------+--------+-----+--------+
         Total |   9792 |   9529 |    263 |    633 |   5859 |  14 |  699.4 |
       Dungeon |   8055 |   7843 |    212 |    506 |   5179 |  10 |  805.5 |
        Temple |     22 |     22 |      0 |      0 |      0 |   1 |   22.0 |
          Lair |   1375 |   1324 |     51 |     55 |    680 |   2 |  687.5 |
      Gauntlet |    338 |    338 |      0 |     72 |      0 |   1 |  338.0 |
               +--------+--------+--------+--------+--------+-----+--------+

Top non-repeatable levels by time:
     D:9: 1113 daAuts
     D:4: 1025 daAuts
     D:5: 933 daAuts
  Lair:1: 916 daAuts
     D:2: 890 daAuts
     D:7: 836 daAuts
     D:6: 745 daAuts
     D:8: 707 daAuts
     D:3: 666 daAuts
     D:1: 613 daAuts
    D:10: 523 daAuts
  Lair:2: 458 daAuts
Gauntlet: 338 daAuts
  Temple: 22 daAuts
